Map: Hardwire LE

Players

acs - Winner!

  • Race: Protoss Protoss
  • League: Diamond
  • Spawn Location: 7:00

Boots

  • Race: Zerg Zerg
  • League: Diamond
  • Spawn Location: 1:00

VOD

Have the link to the VOD?

Description

Time

  • Played on: May 28, 2022, 6:22 a.m.
  • Length: 9:18
Show
View Real Time Build Order
Export as new Build Order

acs Protoss - Winner!

Build Orders:  

Get SALT Encoding   

  12  0:03  Probe (Chrono Boost)  
  13  0:13  Pylon  
  13  0:17  Probe (Chrono Boost)  
  15  0:28  Probe  
  15  0:36  Forge  
  15  0:45  Pylon  
  15  0:48  Probe  
  16  1:00  Probe (Chrono Boost)  
  17  1:10  Photon Cannon  
  18  1:12  Probe (Chrono Boost)  
  18  1:20  Gateway  
  18  1:24  Assimilator  
  18  1:25  Probe  
  19  1:33  Pylon  
  19  1:59  Gateway  
  19  2:02  Probe  
  20  2:09  Cybernetics Core  
  20  2:14  Probe  
  21  2:26  Probe  
  22  2:33  Assimilator  
  22  2:38  Probe  
  23  2:50  Probe  
  24  2:51  Stalker x2  
  24  2:56  Shield Battery  
  28  2:58  Pylon  
  28  3:03  Probe (Chrono Boost)  
  30  3:13  Probe (Chrono Boost)  
  30  3:16  Pylon  
  30  3:17  Probe (Chrono Boost)  
  31  3:21  Stargate  
  31  3:29  Probe  
  32  3:41  Probe  
  32  3:43  Nexus  
  33  3:53  Shield Battery, Probe  
  34  3:55  Shield Battery  
  34  4:05  Probe  
  35  4:16  Void Ray (Chrono Boost)  
  39  4:17  Probe  
  40  4:36  Pylon  
  40  4:38  Pylon  
  40  4:54  Shield Battery  
  44  5:00  Probe, Void Ray  
  45  5:13  Probe  
  44  5:25  Probe  
  43  5:31  Shield Battery  
  43  5:32  Shield Battery  
  47  6:28  Pylon  
  47  6:30  Pylon  
  47  6:36  Pylon  
  47  6:38  Assimilator  
  41  7:35  Stargate  
  41  7:36  Stargate  
  41  7:37  Probe  
  42  7:49  Probe  
  43  7:59  Photon Cannon  
  43  8:01  Photon Cannon, Probe  
  43  8:03  Pylon  
  43  8:05  Pylon  
  44  8:09  Photon Cannon  
  44  8:13  Probe  
  45  8:25  Probe, Void Ray x2 (Chrono Boost)  
  54  8:38  Probe  
  55  8:41  Assimilator  
  55  8:50  Probe (Chrono Boost)  
  55  8:51  Nexus  
  55  8:53  Probe (Chrono Boost)  
  55  8:54  Assimilator  
  57  8:58  Assimilator  
  57  9:00  Probe (Chrono Boost), Pylon  
  67  9:03  Probe (Chrono Boost), Pylon  
  67  9:05  Probe (Chrono Boost), Pylon  
Show
View Real Time Build Order
Export as new Build Order

Boots Zerg 

Build Orders: Hatch First 

Get SALT Encoding   

  12  0:00  Drone  
  13  0:13  Overlord  
  13  0:19  Drone  
  14  0:31  Drone x2  
  16  0:49  Hatchery  
  15  0:52  Drone  
  15  0:55  Drone  
  17  0:59  Drone  
  18  1:09  Extractor  
  17  1:26  Spawning Pool  
  17  1:27  Drone x2  
  17  1:28  Drone  
  15  1:54  Drone x2  
  17  2:03  Overlord  
  17  2:15  Roach Warren  
  16  2:16  Drone  
  16  2:30  Queen  
  18  2:39  Drone x2  
  20  2:50  Spine Crawler  
  19  2:55  Roach  
  21  3:02  Roach  
  23  3:16  Roach x2  
  27  3:29  Roach x2  
  31  3:36  Roach  
  33  3:46  Queen  
  35  3:52  Ravager  
  36  3:58  Overlord  
  38  4:31  Roach x3  
  38  4:32  Roach  
  44  4:51  Overlord  
  44  5:00  Queen  
  44  5:05  Queen  
  40  5:25  Roach x4  
  48  5:40  Queen  
  42  5:52  Spore Crawler  
  41  6:02  Roach  
  41  6:03  Roach x2  
  39  6:16  Queen  
  38  6:18  Zergling x6  
  38  6:19  Zergling x2  
  36  6:40  Metabolic Boost  
  36  6:42  Drone x2  
  36  6:43  Drone x2  
  37  7:03  Zergling x2  
  37  7:04  Zergling x8  
  40  7:12  Queen  
  31  7:33  Drone x3  
  31  7:34  Drone x2  
  33  7:44  Spore Crawler  
  32  7:48  Queen  
  32  7:50  Queen  
  36  7:59  Roach x3  
  42  8:11  Zergling x8  
  42  8:27  Queen  
  40  8:39  Drone x2  
  40  8:40  Drone x3  
  45  8:45  Extractor  
  44  8:53  Drone x2  
  44  8:55  Drone  
Tags
 
Add a new tag
Caveats
  • Supply blocks, unpowered buildings, or Contaminate may cause inaccurate times.
  • Supply counts are checked every 10 seconds.